 Dungeon Sprint DCSS version 0.19.1 (webtiles) character file.

6800000 Larett the Talismancer (level 27, -18/298 HPs)
             Began as a Deep Dwarf Artificer on Nov 25, 2016.
             Was the Champion of Makhleb.
             Demolished by a sculptor of flesh
             ... wielding a +9 great sword
              (215 damage)
             ... in the Dungeon (Sprint VIII: "Arena of Blood").
             The game lasted 00:06:06 (68 turns).

Larett the Talismancer (Deep Dwarf Artificer)         Turns: 68, Time: 00:06:06

Health: -18/298    AC:  6    Str: 20    XL:     27
Magic:  16/54      EV: 34    Int: 14    God:    Makhleb [******]
Gold:   0          SH:  0    Dex: 20    Spells: 0 memorised, 80 levels left

rFire  . . .     SeeInvis .     n - +∞ Axe of Woe
rCold  . . .     Gourm    .     b - +0 leather armour
rNeg   + . .     Faith    .     (shield currently unavailable)
rPois  .         Spirit   .     (no helmet)
rElec  .         Reflect  .     (no cloak)
rCorr  .         Harm     .     (no gloves)
MR     ++++.     NoTele   +     (no boots)
Stlth  +++++++++.               (no amulet)
                                p - +30 ring of slaying
                                o - +30 ring of slaying

@: very slightly contaminated, non-regenerating, hasted, very quick
A: damage resistance, recharge devices, negative energy resistance 1, sense
surroundings 3, slow regeneration 3
a: Device Recharging, Minor Destruction, Lesser Servant of Makhleb, Major
Destruction, Greater Servant of Makhleb, Renounce Religion


You were in the Dungeon.
You worshipped Makhleb.
Makhleb was exalted by your worship.
You were not hungry.

You visited 1 branch

Inventory:

Hand Weapons
 a - a +0 short sword
 n - the +∞ Axe of Woe (weapon)
   (You found it in the Dungeon)
Armour
 b - a +0 leather armour (worn)
Jewellery
 j - a +200 ring of slaying
 o - a +30 ring of slaying (left hand)
 p - a +30 ring of slaying (right hand)
 q - a +30 ring of slaying
 r - a +30 ring of slaying
 s - a +30 ring of slaying
 t - a +200 ring of slaying
Wands
 c - a wand of flame (15/48)
 d - a wand of enslavement (13/24)
 e - a wand of random effects (15/48)
 f - a wand of heal wounds (5/9)
Scrolls
 m - a scroll of blinking
Potions
 h - a potion of curing
 i - a potion of heal wounds
 k - 2 potions of magic
 l - a potion of berserk rage
Comestibles
 g - a bread ration


   Skills:
 O Level 27 Fighting
 O Level 27 Short Blades
 O Level 27 Axes
 O Level 27 Throwing
 O Level 27 Armour
 O Level 27 Dodging
 O Level 27 Stealth
 O Level 27 Unarmed Combat
 O Level 27 Spellcasting
 O Level 27 Invocations
 O Level 27 Evocations


You had 80 spell levels left.
You didn't know any spells.

Dungeon Overview and Level Annotations

Branches:
Dungeon (1/1)

Altars:
Makhleb


Innate Abilities, Weirdness & Mutations

You are resistant to damage.
You can recharge devices by infusing magical energy.
You resist negative energy. (rN+)
You passively map a large area around you.
You do not regenerate.


Message History

You hear a shout!
A bag of meat comes into view.
It is wielding a +9 war axe. 2 orcs come into view.
You hear a shout! x4
The bag of meat moves out of view.
You hear a shout!
The reaper completely misses you.
Items here: )))))))))))))))) ================ Unknown command.
j - a +200 ring of slaying;
t - a +200 ring of slaying You hear a shout! x2
The small abomination misses you.
The destroyer hits you with a +9 great sword of slicing!!!!
The destroyer bites you.
The destroyer draws strength from your injuries!
You hear a shout!
The bag of meat moves out of view.
The sculptor of flesh hits you with a +9 great sword!!!!!
Ouch! That really hurt!
You die...

, , , #. ....#
,,, , , , , #.%
..%#, .. , * ,
.###%% ..%###...
, , ,
......###...%....
, , * ,,
....%._.)%%.....
,, , , , .,
,,#...%)# , ,,,*,
, ,... ,#_§2)_# .
,, , ,
.....#x)x)%#oLC.
* , ,
......zq_)%OM.o..
,, , ,
....ooV###Oxo.M..
, ,,..###..
,...###.. , , #..
§.O#, ., ,, , #O.
...# , , , ,


o.o ....., , , , , * .o.. ...., , , , , o... , , , ,,, ,* * ,, , * You could see
2 accurseds, a tyrant, a reaper, a destroyer, a sculptor of flesh, a large bag
of meat (inner flame), 3 meat berserkers, 3 small abominations and 9 bags of
meat.

Vanquished Creatures
  A greater mummy (D)
  12 vampire knights (D)
  22 ogres (D)
  A lich (D)
  22 orcs (D)
  5 hill giants (D)
  A skeletal warrior (D)
  4 large abominations (D)
  2 crawling corpses (D)
70 creatures vanquished.

Vanquished Creatures (others)
  A crawling corpse (D)
1 creature vanquished.

Grand Total: 71 creatures vanquished

Notes
Turn   | Place    | Note
-------+----------+-------------------------------------------
     0 | D        | Larett the Deep Dwarf Artificer began the quest for the Orb.
     0 | D        | Reached XP level 1. HP: 16/16 MP: 3/3
     3 | D        | Noticed a bag of meat
     3 | D        | Noticed a bag of meat
     4 | D        | Noticed a bag of meat
     4 | D        | Noticed a bag of meat
     4 | D        | Became a worshipper of Makhleb the Destroyer
     5 | D        | Noticed a bag of meat
     5 | D        | Noticed a meat berserker
     6 | D        | Noticed a bag of meat
     6 | D        | Killed a meat berserker
     6 | D        | Reached skill level 24 in Axes
     6 | D        | Reached skill level 27 in Evocations
     6 | D        | Reached XP level 2. HP: 24/24 MP: 3/16
     6 | D        | Reached XP level 3. HP: 30/30 MP: 3/18
     6 | D        | Reached XP level 4. HP: 37/37 MP: 3/19
     6 | D        | Reached XP level 5. HP: 43/43 MP: 3/21
     6 | D        | Reached XP level 6. HP: 50/50 MP: 3/22
     6 | D        | Reached XP level 7. HP: 56/56 MP: 3/24
     6 | D        | Reached XP level 8. HP: 63/63 MP: 3/25
     6 | D        | Gained mutation: You passively map the area around you. [Deep Dwarf growth]
     6 | D        | Reached XP level 9. HP: 69/69 MP: 3/26
     6 | D        | Reached XP level 10. HP: 76/76 MP: 3/27
     6 | D        | Reached XP level 11. HP: 82/82 MP: 3/28
     6 | D        | Reached XP level 12. HP: 90/90 MP: 3/29
     6 | D        | Reached XP level 13. HP: 96/96 MP: 3/30
     7 | D        | Noticed a bag of meat
     8 | D        | Killed a bag of meat
     8 | D        | Reached * piety under Makhleb
     8 | D        | Reached skill level 27 in Axes
     8 | D        | Reached skill level 5 in Fighting
     8 | D        | Reached skill level 6 in Dodging
     8 | D        | Killed a bag of meat
     8 | D        | Reached skill level 11 in Fighting
     8 | D        | Reached skill level 13 in Dodging
     8 | D        | Gained mutation: You resist negative energy. (rN+) [Deep Dwarf growth]
     8 | D        | Reached XP level 14. HP: 91/135 MP: 3/31
     8 | D        | Killed a bag of meat
     8 | D        | Reached skill level 14 in Fighting
     8 | D        | Reached skill level 16 in Dodging
    10 | D        | Killed a bag of meat
    10 | D        | Reached ** piety under Makhleb
    10 | D        | Reached skill level 16 in Fighting
    10 | D        | Reached skill level 19 in Dodging
    10 | D        | Reached XP level 15. HP: 106/158 MP: 4/32
    10 | D        | Reached skill level 18 in Fighting
    10 | D        | Reached skill level 21 in Dodging
    11 | D        | Reached skill level 20 in Fighting
    11 | D        | Reached skill level 23 in Dodging
    12 | D        | Noticed a meat berserker
    12 | D        | Reached *** piety under Makhleb
    12 | D        | Reached skill level 21 in Fighting
    12 | D        | Reached skill level 25 in Dodging
    12 | D        | Reached XP level 16. HP: 183/183 MP: 4/33
    15 | D        | Noticed a meat berserker
    15 | D        | Noticed a meat berserker
    18 | D        | Killed a meat berserker
    18 | D        | Reached skill level 24 in Fighting
    18 | D        | Reached skill level 27 in Dodging
    18 | D        | Killed a meat berserker
    18 | D        | Reached skill level 27 in Fighting
    18 | D        | Reached skill level 9 in Throwing
    18 | D        | Reached skill level 11 in Armour
    18 | D        | Reached XP level 17. HP: 208/208 MP: 5/34
    21 | D        | Killed a meat berserker
    21 | D        | Reached skill level 15 in Throwing
    21 | D        | Reached skill level 18 in Armour
    22 | D        | Reached **** piety under Makhleb
    22 | D        | Reached skill level 18 in Throwing
    22 | D        | Reached skill level 20 in Armour
    22 | D        | Gained mutation: You passively map a large area around you. [Deep Dwarf growth]
    22 | D        | Reached XP level 18. HP: 218/218 MP: 6/35
    23 | D        | Noticed a large bag of meat
    23 | D        | Reached skill level 19 in Throwing
    23 | D        | Reached skill level 22 in Armour
    24 | D        | Noticed a destroyer
    25 | D        | Noticed a meat berserker
    25 | D        | Killed a large bag of meat
    25 | D        | Reached skill level 21 in Throwing
    25 | D        | Reached skill level 24 in Armour
    27 | D        | Noticed a large bag of meat
    27 | D        | Noticed a meat berserker
    28 | D        | Noticed a destroyer
    29 | D        | Killed a meat berserker
    29 | D        | Reached ***** piety under Makhleb
    29 | D        | Reached skill level 23 in Throwing
    29 | D        | Reached skill level 27 in Armour
    29 | D        | Reached skill level 25 in Throwing
    29 | D        | Reached XP level 19. HP: 226/226 MP: 7/36
    30 | D        | Noticed a meat berserker
    30 | D        | Reached skill level 27 in Throwing
    30 | D        | Reached skill level 5 in Unarmed Combat
    30 | D        | Reached skill level 7 in Invocations
    31 | D        | Noticed a large bag of meat
    32 | D        | Noticed a large bag of meat
    32 | D        | Killed a destroyer
    32 | D        | Reached skill level 15 in Unarmed Combat
    32 | D        | Reached skill level 21 in Invocations
    34 | D        | Noticed a meat berserker
    34 | D        | Killed a large bag of meat
    34 | D        | Reached skill level 17 in Unarmed Combat
    34 | D        | Reached skill level 23 in Invocations
    34 | D        | Reached XP level 20. HP: 236/236 MP: 9/37
    34 | D        | Killed a meat berserker
    34 | D        | Reached skill level 21 in Unarmed Combat
    34 | D        | Reached skill level 27 in Invocations
    36 | D        | Noticed a meat berserker
    36 | D        | Killed a destroyer
    36 | D        | Reached skill level 27 in Unarmed Combat
    36 | D        | Reached skill level 5 in Stealth
    36 | D        | Reached skill level 3 in Spellcasting
    37 | D        | Noticed a meat berserker
    37 | D        | Noticed a destroyer
    38 | D        | Reached skill level 13 in Stealth
    38 | D        | Reached skill level 9 in Spellcasting
    39 | D        | Noticed a meat berserker
    39 | D        | Killed a meat berserker
    39 | D        | Reached skill level 21 in Stealth
    39 | D        | Reached skill level 14 in Spellcasting
    39 | D        | Reached XP level 21. HP: 234/244 MP: 10/39
    39 | D        | Reached ****** piety under Makhleb
    39 | D        | Reached skill level 25 in Stealth
    39 | D        | Reached skill level 18 in Spellcasting
    40 | D        | Noticed a destroyer
    40 | D        | Reached skill level 27 in Stealth
    40 | D        | Reached skill level 19 in Spellcasting
    40 | D        | Reached skill level 22 in Spellcasting
    41 | D        | Reached skill level 23 in Spellcasting
    42 | D        | Reached skill level 26 in Spellcasting
    42 | D        | Reached XP level 22. HP: 237/254 MP: 10/52
    42 | D        | Reached skill level 27 in Spellcasting
    42 | D        | Reached skill level 11 in Short Blades
    43 | D        | Noticed a destroyer
    43 | D        | Reached skill level 20 in Short Blades
    44 | D        | Reached skill level 25 in Short Blades
    44 | D        | Killed a destroyer
    44 | D        | Reached skill level 27 in Short Blades
    44 | D        | Reached XP level 23. HP: 262/262 MP: 11/54
    45 | D        | Noticed a destroyer
    47 | D        | Noticed a destroyer
    47 | D        | Noticed a destroyer
    48 | D        | Noticed a destroyer
    49 | D        | Killed a destroyer
    49 | D        | Reached XP level 24. HP: 272/272 MP: 12/54
    49 | D        | Killed a destroyer
    50 | D        | Noticed a destroyer
    50 | D        | Killed a destroyer
    51 | D        | Reached XP level 25. HP: 280/280 MP: 12/54
    51 | D        | Killed a destroyer
    52 | D        | Killed a destroyer
    52 | D        | Reached XP level 26. HP: 290/290 MP: 12/54
    53 | D        | Noticed an accursed
    54 | D        | Killed a destroyer
    55 | D        | Noticed a tyrant
    56 | D        | Killed a destroyer
    56 | D        | Reached XP level 27. HP: 298/298 MP: 13/54
    58 | D        | Noticed a destroyer
    58 | D        | Killed a tyrant
    60 | D        | Noticed a destroyer
    62 | D        | Noticed an accursed
    64 | D        | Noticed an accursed
    64 | D        | Noticed a destroyer
    65 | D        | Noticed a tyrant
    65 | D        | Killed an accursed
    66 | D        | Noticed an accursed
    66 | D        | Killed a destroyer
    66 | D        | Killed a destroyer
    68 | D        | Demolished by a sculptor of flesh

Skill      XL: |  1  2  3  4  5  6  7  8  9 10 11 12 13 14 15 16 17 18 19 20 21 22 |
---------------+-------------------------------------------------------------------+-----
Axes           | 24 27 | 27.0
Evocations     | 27 | 27.0
Fighting       | 11 16 21 27 | 27.0
Dodging        | 13 19 25 27 | 27.0
Throwing       | 9 18 25 27 | 27.0
Armour         | 11 20 27 | 27.0
Unarmed Combat | 17 27 | 27.0
Invocations    | 23 27 | 27.0
Stealth        | 21 27 | 27.0
Spellcasting   | 14 26 27 | 27.0
Short Blades   | 27 | 27.0

Action                   |  1- 3 |  4- 6 |  7- 9 | 10-12 | 13-15 | 16-18 | 19-21 | 22-24 | 25-27 || total
-------------------------+-------+-------+-------+-------+-------+-------+-------+-------+-------++-------
Melee: Executioner's axe |     1 |       |       |       |     4 |     6 |     9 |     7 |    12 ||    39
Invok: Lesser Servant of |       |       |       |       |       |     1 |       |       |       ||     1
       Major Destruction |       |       |       |       |       |     1 |       |       |       ||     1
       Greater Servant o |       |       |       |       |       |       |     1 |       |       ||     1
Evoke: Wand              |       |       |       |       |       |       |     2 |       |       ||     2
  Use: Potion            |       |       |       |       |       |       |       |       |     1 ||     1
 Stab: Distracted        |       |       |       |       |       |     1 |       |       |       ||     1
Dodge: Dodged            |       |       |       |       |       |     1 |       |       |     3 ||     4
